 Dungeon Crawl Stone Soup version 0.30-a0-462-gd5975efbca (webtiles) character file.

Game seed: 16875230299839164327

5796 holysushi the Slicer (level 10, -2/71 HPs)
             Began as a Demonspawn Gladiator on Dec 16, 2022.
             Was a High Priest of Okawaru.
             Slain by Erica
             ... wielding a +2 scimitar of flaming
              (6 damage)
             ... on level 9 of the Dungeon.
             The game lasted 00:19:41 (7610 turns).

holysushi the Slicer (Demonspawn Gladiator)         Turns: 7610, Time: 00:19:42

Health: -2/71      AC: 12    Str: 21    XL:     10   Next: 50%
Magic:  11/11      EV: 18    Int: 10    God:    Okawaru [*****.]
Gold:   464        SH:  0    Dex: 24    Spells: 9/9 levels left

rFire   . . .      SeeInvis .    a - +3 rapier
rCold   . . .      Faith    .    (no shield)
rNeg    . . .      Spirit   .    h - +3 troll leather armour {Pargi}
rPois   .          Reflect  .    (helmet restricted)
rElec   .          Harm     .    A - +0 cloak
rCorr   .          Rampage  .    (no gloves)
Will    .....                    F - +0 pair of boots
Stlth   ++........               (no amulet)
HPRegen 1.11/turn                x - +6 ring of dexterity
MPRegen 0.12/turn                B - +6 ring of strength

@: mighty, lethally poisoned (-2 -> -3)
A: antennae 2, yellow scales 2, powered by pain 1, low MP 1
a: Renounce Religion, Heroism, Finesse, Duel


You were on level 9 of the Dungeon.
You worshipped Okawaru.
Okawaru was extremely pleased with you.
You visited 1 branch of the dungeon, and saw 9 of its levels.
You also visited: Sewer.

You collected 464 gold pieces.

Inventory:

Hand Weapons
 a - a +3 rapier (weapon)
 r - a +2 dagger of speed
Missiles
 d - 3 throwing nets (quivered)
 e - a javelin
Armour
 b - a +0 leather armour
 c - a +0 helmet
 h - a +3 troll leather armour (worn) {Pargi}
 A - a +0 cloak (worn)
 F - a +0 pair of boots (worn)
Jewellery
 x - a +6 ring of dexterity (left hand)
 B - a +6 ring of strength (right hand)
Wands
 i - a wand of paralysis (3)
 l - a wand of flame (15)
 n - a wand of iceblast (10)
 u - a wand of polymorph (5)
Scrolls
 k - a scroll of identify
 o - 4 scrolls of poison
 q - 2 scrolls of fog
 s - 6 scrolls of teleportation
 w - 2 scrolls of magic mapping
 y - a scroll of silence
 C - a scroll of fear
 H - a scroll of noise {unknown}
Potions
 f - 2 potions of berserk rage
 g - 4 potions of brilliance
 j - 2 potions of curing
 m - a potion of resistance
 p - a potion of haste
 t - 2 potions of heal wounds
 v - a potion of ambrosia
 z - a potion of might {unknown}
 D - a potion of lignification
 E - a potion of magic
 G - a potion of flight
Miscellaneous
 I - a lightning rod (4/4)


   Skills:
 + Level 4.0 Fighting
 + Level 12.0 Short Blades
 - Level 1.7 Throwing
 + Level 7.5 Dodging
 - Level 2.0 Stealth
 - Level 3.0 Invocations
 + Level 2.0 Evocations


You had 9 spell levels left.
You didn't know any spells.
Your spell library contained the following spells:

 Spells                   Type           Power      Damage    Failure   Level
 Ensorcelled Hibernation  Hex/Ice        0%         N/A       54%         2
 Hailstorm                Conj/Ice       0%         3d3       78%         3
 Inner Flame              Hex/Fire       0%         N/A       78%         3
 Spider Form              Tmut/Pois      0%         N/A       78%         3
 Anguish                  Hex/Necr       0%         N/A       99%         4
 Flame Wave               Conj/Fire      0%         2d4       99%         4
 Ice Form                 Ice/Tmut       0%         N/A       99%         4
 Passage of Golubria      Tloc           0%         N/A       99%         4
 Petrify                  Tmut/Erth      0%         N/A       99%         4
 Sticky Flame             Conj/Fire      0%         2d3       99%         4
 Metabolic Englaciation   Hex/Ice        0%         N/A       100%        5
 Yara's Violent Unravell  Hex/Tmut       0%         3d3       100%        5
 Statue Form              Tmut/Erth      0%         N/A       100%        6
 Borgnjor's Revivificati  Necr           0%         N/A       100%        8
 Necromutation            Tmut/Necr      0%         N/A       100%        8
 Death's Door             Necr           0%         N/A       100%        9
 Tukima's Dance           Hex            Unusable   N/A       N/A         3
 Simulacrum               Ice/Necr       Unusable   N/A       N/A         6

Dungeon Overview and Level Annotations

Branches:
Dungeon (9/15) Zot: 26524  Temple (0/1) D:7           Sewer (visited)
   Lair: D:8-11         Orc: D:9-12

Altars:
Ashenzari
Cheibriados
Fedhas
Okawaru
Qazlal
Sif Muna

Shops:
D:6 =   D:9 (

Annotations:
D:5 1 runed translucent door, Blork the orc, Crazy Yiuf, Pikel
D:6 Edmund
D:7 exclusion: 2 downstairs
D:8 exclusion: downstairs
D:9 Erica


Innate Abilities, Weirdness & Mutations

You have a pair of antennae on your head.
You are mostly covered in yellow scales. (AC +3)
You sometimes gain a little power by taking damage.
Your magical capacity is low. (-10% MP)


Message History

Erica is moderately wounded.
Erica gestures at you while chanting. The bolt of poison hits you!!
You are poisoned.
You puncture Erica!
Erica is moderately wounded.
You feel very sick.
You hit Erica.
Erica is heavily wounded.
You feel sick.
Erica hits you with a +2 scimitar of flaming.
Erica burns you.
You hit Erica.
Erica is heavily wounded.
You feel sick. Erica hits you but does no damage.
You hit Erica.
Erica is heavily wounded.
You feel sick.
You hit Erica.
Erica is severely wounded.
You feel sick. Erica misses you.
You puncture Erica!
Erica is severely wounded.
You feel sick.
You barely miss Erica.
Erica is severely wounded.
You feel sick.
Erica points at you and mumbles some strange words.
The lance of force hits you!!
* * * LOW HITPOINT WARNING * * *
You focus on the pain.
You feel very mighty all of a sudden.
You are knocked back by the lance of force.
You slam into the rock wall!
* * * LOW HITPOINT WARNING * * *
You hit Erica.
Erica is almost dead.
You feel sick.
Erica hits you with a +2 scimitar of flaming.
You die...

#.####))#.#.>.#.##.
.#........#...#.##.
#.#####.#.#.∩.#.##.
#. ##.#.#...#.##.
#. #....#####.##<
###. #.........###.
####...##
#.............
......@.#
####.##.####..
#@######.##.# #..
#.#.........####..
#.#.####.......#..
# #....#
#....^..... .#
#....# #######.###
##.# ##..(# #.# ...
#..........# #.#
.## ..............!
#.# ..#
##...........## #.#


You could see Erica.

Vanquished Creatures
  A two-headed ogre (D:8)
  A kobold demonologist (D:8)
  Prince Ribbit (D:8)
  6 slime creatures
  A wyvern (D:9)
  5 yaks (D:9)
  Eustachio (D:4)
  2 steam dragons (D:8)
  A water moccasin (D:6)
  An acid dragon (D:8)
  2 ice beasts
  A sky beast (D:7)
  Pargi (Sewer)
  3 orc warriors
  A centaur (D:9)
  2 kobold brigands
  3 gnoll sergeants
  A bullfrog (D:7)
  3 scorpions
  2 hounds
  A jelly (D:6)
  2 orc priests
  A gnoll bouda (D:5)
  6 orc wizards
  3 iguanas
  9 adders
  19 gnolls
  2 shadow imps
  3 white imps
  An ufetubus (D:6)
  4 worms
  A dart slug (D:1)
  27 orcs
  10 ball pythons
  3 bats
  7 endoplasms
  3 giant cockroaches
  7 goblins
  7 hobgoblins
  2 jackals (D:2)
  6 frilled lizards
  14 kobolds
  4 rats
181 creatures vanquished.

Vanquished Creatures (others)
  An orc wizard (D:8)
1 creature vanquished.

Grand Total: 182 creatures vanquished

Notes
Turn   | Place    | Note
-------+----------+-------------------------------------------
     0 | D:1      | holysushi the Demonspawn Gladiator began the quest for the
                  | Orb.
     0 | D:1      | Reached XP level 1. HP: 16/16 MP: 1/1
   240 | D:1      | Reached skill level 3 in Short Blades
   516 | D:1      | Gained mutation: You have a pair of small antennae on your
                  | head. [demonic ancestry]
   516 | D:1      | Reached XP level 2. HP: 18/22 MP: 2/2
   718 | D:2      | Reached skill level 1 in Stealth
   915 | D:2      | Found an iron altar of Okawaru.
  1008 | D:2      | Reached XP level 3. HP: 27/27 MP: 3/3
  1056 | D:2      | Became a worshipper of Warmaster Okawaru
  1416 | D:3      | Found a glowing drain.
  1455 | D:3      | Reached skill level 4 in Short Blades
  1542 | Sewer    | Entered a sewer
  1600 | Sewer    | Noticed Pargi
  1607 | Sewer    | Killed Pargi
  1607 | Sewer    | Reached * piety under Okawaru
  1608 | Sewer    | Reached skill level 5 in Short Blades
  1608 | Sewer    | Gained mutation: You sometimes gain a little power by
                  | taking damage. [demonic ancestry]
  1608 | Sewer    | Reached XP level 4. HP: 23/33 MP: 4/4
  1608 | Sewer    | Reached XP level 5. HP: 27/38 MP: 5/5
  1825 | Sewer    | Gained mutation: Your magical capacity is low. (-10% MP)
                  | [potion of mutation]
  2132 | D:3      | Found a faded altar of an unknown god.
  2435 | D:4      | Noticed Eustachio
  2447 | D:4      | Killed Eustachio
  2448 | D:4      | Reached skill level 6 in Short Blades
  2448 | D:4      | Gained mutation: You have a pair of antennae on your head.
                  | [demonic ancestry]
  2448 | D:4      | Reached XP level 6. HP: 35/44 MP: 4/6
  3171 | D:4      | Found a snail-covered altar of Cheibriados.
  3276 | D:5      | Entered Level 5 of the Dungeon
  3289 | D:5      | Found a shimmering blue altar of Sif Muna.
  3290 | D:5      | Noticed Pikel
  3296 | D:5      | Found a broken altar of Ashenzari.
  3410 | D:5      | Noticed Blork the orc
  3458 | D:5      | Reached XP level 7. HP: 46/51 MP: 7/7
  3527 | D:5      | Reached skill level 7 in Short Blades
  3991 | D:5      | Found a runed translucent door.
  3992 | D:5      | Noticed Crazy Yiuf
  4194 | D:5      | Found a stormy altar of Qazlal.
  4194 | D:5      | Found a blossoming altar of Fedhas.
  4226 | D:6      | Identified the +1 ring mail of Parts Unknown {Harm rF+ rC-
                  | SInv}
  4245 | D:6      | Reached ** piety under Okawaru
  4289 | D:6      | Reached skill level 8 in Short Blades
  4416 | D:6      | Gained mutation: You are partially covered in yellow
                  | scales. (AC +2) [demonic ancestry]
  4416 | D:6      | Reached XP level 8. HP: 44/58 MP: 8/8
  4439 | D:6      | Noticed Edmund
  4443 | D:6      | Edmund changed into Edmund the tengu
  4443 | D:6      | Noticed Edmund
  4468 | D:6      | HP: 2/58 [Edmund the tengu/+4 flail of protection (1)]
  4585 | D:6      | Found Mynifruu's Jewellery Boutique.
  4958 | D:7      | Reached skill level 9 in Short Blades
  5106 | D:7      | Found a staircase to the Ecumenical Temple.
  5178 | D:7      | Reached *** piety under Okawaru
  5347 | D:7      | Reached skill level 10 in Short Blades
  5620 | D:8      | Noticed a two-headed ogre
  5848 | D:8      | Noticed a kobold demonologist
  5850 | D:8      | Noticed an ice devil
  5855 | D:8      | Noticed a red devil
  5863 | D:8      | Killed a kobold demonologist
  5864 | D:8      | Gained mutation: You are mostly covered in yellow scales.
                  | (AC +3) [demonic ancestry]
  5864 | D:8      | Reached XP level 9. HP: 42/63 MP: 8/10
  6481 | D:8      | Reached skill level 1 in Evocations
  6516 | D:7      | Reached skill level 5 in Dodging
  6635 | D:7      | Reached **** piety under Okawaru
  6665 | D:8      | Reached skill level 11 in Short Blades
  6756 | D:7      | Reached ***** piety under Okawaru
  6863 | D:8      | Killed a two-headed ogre
  6864 | D:8      | Reached XP level 10. HP: 70/70 MP: 11/11
  6987 | D:8      | Found an iron altar of Okawaru.
  7220 | D:9      | Noticed Prince Ribbit
  7303 | D:8      | Killed Prince Ribbit
  7328 | D:9      | Reached skill level 12 in Short Blades
  7377 | D:9      | Noticed a two-headed ogre
  7492 | D:9      | Found Efusaopo's Weapon Shop.
  7590 | D:9      | Noticed Erica
  7610 | D:9      | Slain by Erica

Illustrated notes

Levels and vault maps discovered:
D:1:      grunt_arrival_crossed_arrows, layout_loops_ring, hex_large,
          minmay_misc_feat_chi
D:2:      layout_rooms, basic_altar
D:3:      layout_loops_cross, cheibrodos_sewer_entry_sluice,
          basic_ecumenical_altar
D:4:      layout_gridville, cheibriados_altar_1, uniq_eustachio
D:5:      layout_basic, nicolae_overflow_hidden_temple, uniq_blork_the_orc,
          uniq_crazy_yiuf_cottage, uniq_pikel
D:6:      layout_cave_pools, serial_shops,
          nicolae_shop_competitors_out_of_business, uniq_edmund
D:7:      layout_rooms, mainiacjoe_overflow_chevrons, temple_green
D:8:      layout_rooms, okawaru_altar_gauntlet_db
D:9:      layout_loops_ring, tso_altar, lair_entry_dummy, orc_0_dummy,
          serial_shops, nicolae_take_the_stairs, library_closet,
          patterned_corridor, uniq_erica, uniq_prince_ribbit1

Skill      XL: |  1  2  3  4  5  6  7  8  9 10 |
---------------+-------------------------------+-----
Short Blades   | 3 5 6 8 10 11 12 | 12.0
Stealth        | 1 2 |  2.0
Invocations    | 2 3 |  3.0
Fighting       | 3 4 |  4.0
Dodging        | 3 6 7 |  7.5
Evocations     | 2 |  2.0
Throwing       | |  1.7

Action                   |  1- 3 |  4- 6 |  7- 9 | 10-12 || total
-------------------------+-------+-------+-------+-------++-------
Melee: Rapier            |   135 |    98 |   315 |   165 ||   713
       Punch             |       |     1 |    11 |     4 ||    16
       Dagger            |       |    43 |   271 |       ||   314
Invok: Heroism           |       |       |     2 |     1 ||     3
Evoke: Wand              |       |    12 |    14 |       ||    26
  Use: Scroll            |     4 |     9 |    11 |       ||    24
       Potion            |     1 |     5 |     2 |     1 ||     9
 Stab: Sleeping          |     2 |     2 |     3 |       ||     7
       Distracted        |       |       |     1 |       ||     1
       Paralysed         |       |       |     2 |       ||     2
Armor: Leather armour    |    23 |       |       |       ||    23
       Troll leather arm |       |    38 |   137 |    35 ||   210
Dodge: Dodged            |    64 |    79 |   253 |    80 ||   476

Table legend: (Time is in decaauts)
 A = Elapsed time spent in this place.
 B = Non-inter-level travel time spent in this place.
 C = Inter-level travel time spent in this place.
 D = Time resting spent in this place.
 E = Time spent auto-exploring this place.
 F = Levels seen in this place.
 G = Mean time per level.
                   A        B        C        D        E       F      G
               +--------+--------+--------+--------+--------+-----+--------+
         Total |   7300 |   6719 |    581 |    809 |   3212 |  10 |  730.0 |
       Dungeon |   6929 |   6348 |    581 |    740 |   3150 |   9 |  769.9 |
         Sewer |    371 |    371 |      0 |     69 |     62 |   1 |  371.0 |
               +--------+--------+--------+--------+--------+-----+--------+

Top non-repeatable levels by time:
     D:7: 1209 daAuts
     D:8: 976 daAuts
     D:5: 953 daAuts
     D:4: 919 daAuts
     D:1: 696 daAuts
     D:3: 695 daAuts
     D:2: 631 daAuts
     D:6: 460 daAuts
     D:9: 386 daAuts
   Sewer: 371 daAuts
